 Dungeon Crawl Stone Soup version 0.28.0-43-g3370ac3207 (webtiles) character file.

Game seed: 2134789801849045169

244 RascalDebosk the Changer (level 6, 0/47 HPs)
             Began as a Gnoll Wanderer on Mar 24, 2022.
             Slain by a steam dragon (2 damage)
             ... on level 6 of the Dungeon.
             The game lasted 00:33:11 (3622 turns).

RascalDebosk the Changer (Gnoll Wanderer)           Turns: 3622, Time: 00:33:11

Health: 0/47       AC:  4    Str: 11    XL:     6   Next: 10%
Magic:  11/11      EV: 13    Int: 12    God:
Gold:   81         SH:  0    Dex: 13    Spells: 8/11 levels left

rFire   . . .      SeeInvis .   k - +0 hand axe
rCold   . . .      Faith    .   (no shield)
rNeg    . . .      Spirit   .   c - +0 leather armour
rPois   +          Reflect  .   (no helmet)
rElec   .          Harm     .   f - +0 cloak
rCorr   .          Rampage  .   (no gloves)
Will    .....                   (no boots)
Stlth   ++........              (no amulet)
HPRegen 0.15/turn               g - ring of poison resistance
MPRegen 0.12/turn               (no ring)

@: no status effects
A: fangs 1, strong nose, distributed training
a: no special abilities


You were on level 6 of the Dungeon.
You visited 1 branch of the dungeon, and saw 4 of its levels.

You collected 101 gold pieces.
You spent 20 gold pieces at shops.

Inventory:

Hand Weapons
 a - a +0 dagger
 k - a +0 hand axe (weapon)
Missiles
 h - 71 stones
 t - 3 boomerangs
Armour
 c - a +0 leather armour (worn)
 f - a +0 cloak (worn)
Jewellery
 g - a ring of poison resistance (left hand)
Wands
 b - a wand of flame (5)
Scrolls
 e - a scroll of noise
 i - 2 scrolls of identify
 j - a scroll of immolation {unknown}
 l - a scroll of enchant armour {unknown}
 r - a scroll of enchant weapon {unknown}
 u - a scroll of fog {unknown}
Potions
 d - 2 potions of lignification
 m - a potion of heal wounds {unknown}
 n - a potion of flight {unknown}
 o - 6 potions of curing {unknown}
 p - a potion of haste {unknown}
 q - a potion of attraction {unknown}
 s - a potion of berserk rage {unknown}


   Skills:
 + Level 3.1 Fighting
 + Level 1.8 Short Blades
 + Level 1.8 Long Blades
 + Level 1.8 Axes
 + Level 1.8 Maces & Flails
 + Level 1.8 Polearms
 + Level 1.8 Staves
 + Level 1.8 Slings
 + Level 1.8 Bows
 + Level 1.8 Crossbows
 + Level 3.1 Throwing
 + Level 1.8 Armour
 + Level 4.9 Dodging
 + Level 1.8 Stealth
 + Level 1.8 Shields
 + Level 1.8 Unarmed Combat
 + Level 3.3 Spellcasting
 + Level 1.4 Conjurations
 + Level 1.4 Hexes
 + Level 1.4 Summonings
 + Level 1.4 Necromancy
 + Level 1.4 Translocations
 + Level 7.2 Transmutations
 + Level 1.4 Fire Magic
 + Level 1.4 Ice Magic
 + Level 1.4 Air Magic
 + Level 1.4 Earth Magic
 + Level 1.4 Poison Magic
 + Level 2.0 Invocations
 + Level 3.1 Evocations


You had 8 spell levels left.
You knew the following spells:

 Your Spells              Type           Power      Damage    Failure   Level
a - Sting                 Tmut/Pois      48%        1d5       5%          1
b - Passwall              Tmut/Erth      10%        N/A       8%          2

Your spell library contained the following spells:

 Spells                   Type           Power      Damage    Failure   Level
 Spider Form              Tmut/Pois      12%        N/A       16%         3


Dungeon Overview and Level Annotations

Branches:
Dungeon (3/15)

Altars:
Cheibriados
Kikubaaqudgha

Shops:
D:2 [?:(

Annotations:
D:2 1 runed translucent door, Crazy Yiuf


Innate Abilities, Weirdness & Mutations

You have very sharp teeth.
Your uncanny sense of smell can sniff out nearby items.
Your experience applies equally to all skills.


Message History

A gnoll is wielding a +2 flail of protection.
The gnoll shouts! x2; The white imp shouts!
Found a club and a kite shield.
The white imp gestures at you. The puff of frost hits you!
You open the door.
Found a scroll labelled VENEYL GOXOIWN.
Found 2 murky pink potions.
There is an open door here.
Found a stone staircase leading down.
The white imp gestures at you. The puff of frost hits you.
A howler monkey comes into view.
o - 6 murky pink potions (gained 2)
The white imp gestures at you. The puff of frost hits you.
The white imp summons a swarm of flies.
You see here a scroll labelled VENEYL GOXOIWN.
u - a scroll labelled VENEYL GOXOIWN The white imp gestures at you.
The puff of frost hits you.
As you read the scroll labelled XEQUV LUSICH, it crumbles to dust.
You hear a loud clanging noise!
It was a scroll of noise.
You hear an angry hiss.
You hear a shout!
Found a stone staircase leading up.
A steam dragon comes into view.
The white imp barely misses you. The steam dragon breathes steam at you.
The ball of steam hits you!
* * * LOW HITPOINT WARNING * * *
The howler monkey hoots and howls with incredible vigour!
You are engulfed in a cloud of scalding steam.
* * * LOW HITPOINT WARNING * * *
The white imp is engulfed in a cloud of scalding steam.
The white imp dies!
The steam dragon bites you!
* * * LOW HITPOINT WARNING * * *
The steam dragon claws you.
You die...

#.###.# ....# #..##.#
....# ##.##'#####....#
#..............#
#..............#
#..............
####.......§§§##+#####
.............hg.D......#
..####.......§g.@.<....#
#.................#
#....>............#
##.##.##..........#
...##.##..........#
###.##.##..........# #.
#.##..........#
#..........#


You could see a steam dragon (catching breath), a howler monkey and 2 gnolls.

Vanquished Creatures
  Terence (D:2)
  Natasha (thrice) (D:2)
  Robin (D:2)
  2 gnolls (D:2)
  3 adders (D:3)
  2 worms (D:2)
  2 dart slugs
  An orc (D:2)
  6 ball pythons
  4 bats
  7 endoplasms
  4 giant cockroaches
  10 goblins
  10 hobgoblins
  5 kobolds
  7 quokkas
  2 frilled lizards
  4 rats
74 creatures vanquished.

Vanquished Creatures (others)
  A white imp (D:6)
  4 fungi (D:2)
  54 plants (D:2)
59 creatures vanquished.

Grand Total: 133 creatures vanquished

Notes
Turn   | Place    | Note
-------+----------+-------------------------------------------
     0 | D:1      | RascalDebosk the Gnoll Wanderer began the quest for the
                  | Orb.
     0 | D:1      | RascalDebosk set off with the following items: a +0 dagger,
                  | a wand of flame (7), a +0 leather armour, a potion of
                  | lignification; and the following spell memorised: Sting;
                  | and the following spells available to memorise: Passwall,
                  | Spider Form
     0 | D:1      | Reached XP level 1. HP: 17/17 MP: 4/4
   201 | D:1      | Reached XP level 2. HP: 23/23 MP: 2/5
   286 | D:1      | Found a faded altar of an unknown god.
   355 | D:1      | Learned a level 2 spell: Passwall
   781 | D:1      | Reached XP level 3. HP: 28/28 MP: 2/7
  1225 | D:2      | Found Ysollom's Magic Scroll Emporium.
  1229 | D:2      | Bought a scroll of identify for 20 gold pieces
  1236 | D:2      | Found Pecsawov's Antique Armour Boutique.
  1243 | D:2      | Found Caqyh's Book Shoppe.
  1389 | D:2      | Reached skill level 1 in Invocations
  1445 | D:2      | Noticed Terence
  1465 | D:2      | Killed Terence
  1466 | D:2      | Reached skill level 1 in Short Blades
  1466 | D:2      | Reached skill level 1 in Long Blades
  1466 | D:2      | Reached skill level 1 in Axes
  1466 | D:2      | Reached skill level 1 in Maces & Flails
  1466 | D:2      | Reached skill level 1 in Polearms
  1466 | D:2      | Reached skill level 1 in Staves
  1466 | D:2      | Reached skill level 1 in Slings
  1466 | D:2      | Reached skill level 1 in Bows
  1466 | D:2      | Reached skill level 1 in Crossbows
  1466 | D:2      | Reached skill level 1 in Armour
  1466 | D:2      | Reached skill level 1 in Stealth
  1466 | D:2      | Reached skill level 1 in Shields
  1466 | D:2      | Reached skill level 1 in Unarmed Combat
  1466 | D:2      | Reached XP level 4. HP: 26/34 MP: 2/8
  1556 | D:2      | Noticed Robin
  1602 | D:2      | Killed Robin
  1610 | D:2      | Reached skill level 1 in Conjurations
  1610 | D:2      | Reached skill level 1 in Hexes
  1610 | D:2      | Reached skill level 1 in Summonings
  1610 | D:2      | Reached skill level 1 in Necromancy
  1610 | D:2      | Reached skill level 1 in Translocations
  1610 | D:2      | Reached skill level 1 in Fire Magic
  1610 | D:2      | Reached skill level 1 in Ice Magic
  1610 | D:2      | Reached skill level 1 in Air Magic
  1610 | D:2      | Reached skill level 1 in Earth Magic
  1610 | D:2      | Reached skill level 1 in Poison Magic
  1785 | D:2      | Reached XP level 5. HP: 40/40 MP: 3/9
  1851 | D:2      | Found a snail-covered altar of Cheibriados.
  1931 | D:2      | Found Qolufu's Weapon Boutique.
  2416 | D:2      | Noticed Natasha
  2422 | D:2      | Killed Natasha
  2497 | D:2      | Found a runed translucent door.
  2498 | D:2      | Noticed Crazy Yiuf
  2528 | D:2      | Noticed Natasha
  2537 | D:2      | Killed Natasha
  2566 | D:2      | Noticed Natasha
  2581 | D:2      | HP: 1/41 [shadow imp[Natasha] (4)]
  2582 | D:2      | Killed Natasha
  3098 | D:3      | Found an ancient bone altar of Kikubaaqudgha.
  3156 | D:3      | Reached XP level 6. HP: 39/47 MP: 8/10
  3581 | D:3      | You fall into a shaft and drop 3 floors!
  3618 | D:6      | Noticed a steam dragon
  3622 | D:6      | HP: 2/47 [steam dragon (7)]
  3622 | D:6      | Slain by a steam dragon

Illustrated notes

Levels and vault maps discovered:
D:1:      dpeg_arrival_ternary, layout_rooms,
          shapermc_ecumenical_altar_notcrosses, minmay_misc_feat_enclosed,
          kennysheep_another_room, minmay_tetromino_t4
D:2:      wad_woods_stonehenge, layout_basic, serial_shops,
          nicolae_shop_competitors_out_of_business, shop, nicolae_shop_crystal,
          shop_fountains, serial_park_tiny_pond, uniq_natasha, uniq_robin,
          uniq_crazy_yiuf_cottage, uniq_terence
D:3:      layout_rooms, mainiacjoe_overflow_catwalk
D:6:      layout_basic, ebering_ghost_rock_garden

Skill      XL: |  1  2  3  4  5 |
---------------+----------------+-----
Invocations    | 1 2 |  2.0
Short Blades   | 1 |  1.8
Long Blades    | 1 |  1.8
Axes           | 1 |  1.8
Maces & Flails | 1 |  1.8
Polearms       | 1 |  1.8
Staves         | 1 |  1.8
Slings         | 1 |  1.8
Bows           | 1 |  1.8
Crossbows      | 1 |  1.8
Armour         | 1 |  1.8
Stealth        | 1 |  1.8
Shields        | 1 |  1.8
Unarmed Combat | 1 |  1.8
Spellcasting   | 3 |  3.3
Conjurations   | 1 |  1.4
Hexes          | 1 |  1.4
Summonings     | 1 |  1.4
Necromancy     | 1 |  1.4
Translocations | 1 |  1.4
Fire Magic     | 1 |  1.4
Ice Magic      | 1 |  1.4
Air Magic      | 1 |  1.4
Earth Magic    | 1 |  1.4
Poison Magic   | 1 |  1.4
Fighting       | 3 |  3.1
Throwing       | 3 |  3.1
Evocations     | 3 |  3.1
Dodging        | |  4.9
Transmutations | |  7.2

Action                   |  1- 3 |  4- 6 || total
-------------------------+-------+-------++-------
Melee: Dagger            |    54 |       ||    54
       Bite              |     7 |    13 ||    20
       Punch             |     1 |     2 ||     3
       Hand axe          |       |    91 ||    91
 Cast: Sting             |    51 |    49 ||   100
Evoke: Wand              |       |     2 ||     2
  Use: Scroll            |       |     1 ||     1
Armor: Leather armour    |    11 |    37 ||    48
Dodge: Dodged            |    42 |    93 ||   135
